 Dungeon Crawl Stone Soup version 0.30-b1-2-g02819fbbbe (webtiles) character file.

Game seed: 6835726576320329821

375 Arcadio the Ducker (level 6, -5/50 HPs)
             Began as a Merfolk Artificer on May 14, 2023.
             Was an Initiate of Nemelex Xobeh.
             Slain by an iguana (7 damage)
             ... on level 4 of the Dungeon.
             The game lasted 00:09:36 (4240 turns).

Arcadio the Ducker (Merfolk Artificer)              Turns: 4240, Time: 00:09:36

Health: -5/50      AC:  6    Str: 14    XL:     6   Next: 72%
Magic:  6/6        EV: 13    Int: 10    God:    Nemelex Xobeh [......]
Gold:   130        SH:  0    Dex: 15    Spells: 5/5 levels left

rFire   . . .        q - +2 dagger (venom)
rCold   . . .        (no shield)
rNeg    . . .        p - +1 ring mail
rPois   .            (no helmet)
rElec   .            (no cloak)
rCorr   .            (no gloves)
SInv    .            (no boots)
Will    .....        k - amulet of faith
Stlth   +            (no ring)
HPRegen 0.28/turn    (no ring)
MPRegen 0.10/turn

%: faith
@: no status effects
A: (nimble swimmer 2), mertail
a: Renounce Religion, Draw Escape, Draw Destruction, Draw Summoning


You were on level 4 of the Dungeon.
You worshipped Nemelex Xobeh.
Nemelex Xobeh was noncommittal.
You visited 1 branch of the dungeon, and saw 4 of its levels.

You collected 130 gold pieces.

Inventory:

Hand Weapons
 a - a +0 club
 f - a +0 dagger
 h - a +0 war axe
 o - a +0 short sword
 q - a +2 dagger of venom (weapon)
 u - a +0 halberd
 v - a +0 spear
Armour
 b - a +0 leather armour
 p - a +1 ring mail (worn)
Jewellery
 k - an amulet of faith (around neck)
 m - a ring of fire
Wands
 c - a wand of flame (7) (quivered)
 d - a wand of charming (11)
 e - a wand of iceblast (5)
 g - a wand of polymorph (15)
Scrolls
 i - 4 scrolls of teleportation
 n - a scroll of fear
 s - a scroll of poison
 t - 3 scrolls of fog
Potions
 j - a potion of lignification
 l - a potion of resistance
 r - a potion of haste {unknown}


   Skills:
 + Level 4.8 Fighting
 + Level 2.6 Polearms
 - Level 0.6 Armour
 + Level 6.3 Dodging
 - Level 1.1 Stealth
 - Level 3.0 Evocations


You had 5 spell levels left.
You didn't know any spells.
Your spell library was empty.

Dungeon Overview and Level Annotations

Branches:
Dungeon (4/15) Zot: 19768
 Temple: D:4-7

Altars:
Nemelex Xobeh
Trog


Innate Abilities, Weirdness & Mutations

((You are very nimble when in or above water. (Stealth+, EV+, Speed+++)))
Your lower body shifts to a powerful aquatic tail in water.


Message History

The ball python barely misses you.
The bullfrog hits you but does no damage.
The iguana bites you!
The orc hits you from afar with a +0 trident.
You hit the bullfrog.
The bullfrog looks as sick as possible!
The bullfrog is severely wounded.
The bullfrog hits you.
The ball python bites you but does no damage.
The ball python barely misses you. The orc barely misses you.
The iguana bites you but does no damage.
The orc hits you with a +0 short sword.
You hit the bullfrog.
The bullfrog looks as sick as possible!
The bullfrog is almost dead.
The bullfrog hits you. The ball python barely misses you. x2
The bullfrog hits you! The iguana closely misses you.
The orc closely misses you. The orc hits you but does no damage.
The dart slug launches a dart at you.
The slug dart hits you but does no damage.
You hit the bullfrog.
You kill the bullfrog!
The ball python misses you. The ball python barely misses you.
The iguana misses you. The orc closely misses you.
The orc hits you with a +0 short sword. The ball python barely misses you.
The ball python grabs you. The ball python constricts you.
You escape the ball python's grasp.
The iguana attacks as you move away! The iguana closely misses you.
You see here a bullfrog corpse.
The iguana attacks as you move away! The iguana closely misses you.
The iguana attacks as you move away! The iguana misses you.
Aiming: Charm
Press: ? - help, Shift-Dir - straight line, f - iguana
Aim: an iguana (chance to affect: 65%)
The iguana struggles to resist.
The iguana bites you!
* * * LOW HITPOINT WARNING * * *
Aiming: Charm
Press: ? - help, Shift-Dir - straight line, f/p - iguana
Aim: an iguana (chance to affect: 65%)
The iguana struggles to resist.
The iguana bites you!
You die...
Your body disappears without a glow.

#.....#..# ..##
#..._.#..##...#
#.....#.......#
#....oo.......#
#.######.o.##..
#.##S..So.......
##.##o###.#######
#..##l# #... #.###@#
###...
#####.###.#####..#..
#..........<........
#.........#####...##
#.......### .#
#.........
########.#.###
#.............
#.............


You could see an iguana, an orc and a ball python.

Vanquished Creatures
  A bullfrog (D:4)
  A hound (D:4)
  10 adders
  10 gnolls
  A worm (D:2)
  A dart slug (D:2)
  7 bats
  5 endoplasms
  7 giant cockroaches
  3 goblins
  4 hobgoblins
  4 jackals (D:1)
  7 quokkas
  8 ball pythons
  2 frilled lizards (D:1)
  10 kobolds
  17 rats
98 creatures vanquished.

Vanquished Creatures (others)
  A gnoll (D:4)
1 creature vanquished.

Grand Total: 99 creatures vanquished

Notes
Turn   | Place    | Note
-------+----------+-------------------------------------------
     0 | D:1      | Arcadio the Merfolk Artificer began the quest for the Orb.
     0 | D:1      | Reached XP level 1. HP: 15/15 MP: 1/1
    68 | D:1      | Reached skill level 3 in Dodging
   118 | D:1      | Reached XP level 2. HP: 22/22 MP: 2/2
   672 | D:1      | Reached XP level 3. HP: 27/27 MP: 3/3
   865 | D:2      | Reached skill level 4 in Dodging
  1254 | D:1      | Reached XP level 4. HP: 30/35 MP: 4/4
  1947 | D:2      | Reached skill level 5 in Dodging
  2268 | D:2      | Reached XP level 5. HP: 23/41 MP: 5/5
  3513 | D:3      | Reached skill level 1 in Polearms
  3591 | D:3      | Reached XP level 6. HP: 49/49 MP: 6/6
  3620 | D:3      | Found a bloodstained altar of Trog.
  3709 | D:3      | Reached skill level 6 in Dodging
  4196 | D:4      | Found a sparkling altar of Nemelex Xobeh.
  4201 | D:4      | Became a worshipper of Nemelex Xobeh the Trickster
  4239 | D:4      | HP: 2/50 [iguana (10)]
  4240 | D:4      | Slain by an iguana

Illustrated notes

Levels and vault maps discovered:
D:1:      tarquinn_simple_flora_water_c, layout_rooms, minmay_rat_gold_closets
D:2:      minmay_evil_eye, layout_basic
D:3:      layout_rooms, trog_three_pillars_becter, gup_sewer_entry_bubbles,
          grunt_ministairs_12, minmay_distorted
D:4:      black_bear_nest_1, layout_rooms, mainiacjoe_overflow_chevrons,
          makhleb_heckhound_becter, grunt_qazlal_clouds,
          minmay_temple_entry_nine_rooms, nrook_uturn, minmay_box_of_dots

Skill      XL: |  1  2  3  4  5  6 |
---------------+-------------------+-----
Dodging        | 3 4 5 6 |  6.3
Fighting       | 2 3 4 |  4.8
Polearms       | 1 2 |  2.6
Armour         | |  0.6
Stealth        | |  1.1
Evocations     | |  3.0

Action                     |  1- 3 |  4- 6 || total
---------------------------+-------+-------++-------
  Melee: Club              |    15 |       ||    15
         Dagger            |   225 |   190 ||   415
         Punch             |     5 |     7 ||    12
         Short sword       |       |   145 ||   145
         Tailslap          |       |     2 ||     2
  Evoke: Wand              |       |    12 ||    12
    Use: Scroll            |     2 |     5 ||     7
         Potion            |       |     1 ||     1
   Stab: Sleeping          |     2 |     1 ||     3
 Armour: Leather armour    |    75 |    40 ||   115
         Skin              |       |    44 ||    44
         Ring mail         |       |    69 ||    69
  Dodge: Dodged            |   214 |   301 ||   515
